Sabres vs Senateurs
(R1)
Created - November 4, 2017 at 01:04
Goals
|
| Sabres |
0 |
1 |
0 |
1 |
| Senateurs |
0 |
2 |
1 |
3 |
|
Shots
|
| Sabres |
5 |
11 |
9 |
25 |
| Senateurs |
14 |
8 |
12 |
34 |
|
1st period
No Goal
Penalties :
Dan Hamhuis (Ott) for Slashing (Minor) at 9:56, Zach Bogosian (Buf) for Cross-checking (Minor) at 15:37, Kurtis Foster (Ott) for Holding (Minor) at 19:33
2nd period
1. Sabres , Vincent Lecavalier 6 (Jordan Leopold 1) at 7:04
2. Senateurs , Dan Hamhuis 3 (Evgeni Malkin 5, Thomas Vanek 4) at 10:55 (PP)
3. Senateurs , Milan Hejduk 2 (Brandon Dubinsky 4) at 19:23
Penalties :
Jordan Leopold (Buf) for Delaying the game (Minor) at 10:49, Johan Franzen (Ott) for High sticking (Minor) at 11:10, Brenden Morrow (Ott) for Interference (Minor) at 13:14, Evander Kane (Buf) for Hooking (Minor) at 16:51
3rd period
4. Senateurs , Cody Hodgson 4 (Thomas Vanek 5) at 4:05
Penalties :
Pascal Dupuis (Ott) for Hooking (Minor) at 1:32, Rob Scuderi (Buf) for High sticking (Minor) at 5:53, B.J. Crombeen (Ott) for Hooking (Minor) at 6:22
Goalie Stats
Robin Lehner (Buf), 31 saves from 34 shots - (0.912), L, 5-3-1, 60:00 minutes
Jeff Deslauriers (Ott), 24 saves from 25 shots - (0.960), W, 2-0-0, 60:00 minutes
Players Stats for Sabres
Player Name G A P +/- PIM S H SB GA TA FO MP PP MP PK MP
------------------------------------------------------------------------------------
Andrei Loktionov 0 0 0 -1 0 4 0 0 2 0 9/21 17:25 4:12 0:00
Brandon Sutter 0 0 0 -1 0 0 0 0 0 1 5/11 10:40 0:00 2:57
Darcy Hordichuk 0 0 0 -1 0 1 2 1 1 1 1/1 10:27 0:01 2:49
Evander Kane 0 0 0 -1 2 1 1 0 1 0 0/0 17:27 4:12 0:00
J.T. Miller 0 0 0 1 0 1 1 0 0 1 1/1 16:04 5:31 0:12
Jakub Kindl 0 0 0 -1 0 0 0 0 0 0 0/0 12:02 0:29 0:00
Jared Cowen 0 0 0 -1 0 0 0 0 0 0 0/0 21:33 4:15 1:47
Jordan Leopold 0 1 1 -1 2 0 2 0 0 0 0/0 11:15 0:00 1:22
Kyle Okposo 0 0 0 -1 0 2 0 0 1 0 2/3 19:11 5:32 0:00
Martin St. Louis 0 0 0 0 0 1 0 0 0 0 0/2 13:13 0:31 0:00
Matt Martin 0 0 0 0 0 0 2 1 1 0 0/1 13:17 0:00 0:57
Michael Kostka 0 0 0 -1 0 0 1 3 1 0 0/0 21:33 4:15 1:47
Rob Scuderi 0 0 0 1 2 0 1 1 0 2 0/0 27:13 6:09 2:17
Ryan O'Reilly 0 0 0 0 0 1 0 0 1 1 4/7 15:00 0:29 1:10
Scottie Upshall 0 0 0 -1 0 1 2 1 0 0 0/0 7:48 0:11 0:00
Vincent Lecavalier 1 0 1 1 0 7 1 0 0 0 7/12 15:42 5:23 0:00
Zach Bogosian 0 0 0 1 2 4 1 0 2 2 0/0 27:44 6:09 1:53
Zack Kassian 0 0 0 1 0 2 4 0 0 0 0/0 16:19 4:41 1:01
Players Stats for Senateurs
Player Name G A P +/- PIM S H SB GA TA FO MP PP MP PK MP
------------------------------------------------------------------------------------
B.J. Crombeen 0 0 0 1 2 4 0 0 0 0 0/0 13:15 2:27 0:00
Brandon Dubinsky 0 1 1 1 0 1 1 0 3 0 3/13 12:36 0:00 5:36
Brenden Morrow 0 0 0 0 2 2 1 1 1 1 1/1 18:52 1:35 1:31
Brooks Orpik 0 0 0 1 0 2 1 2 1 0 0/0 18:02 0:00 6:29
Carlo Colaiacovo 0 0 0 -1 0 0 1 0 0 0 0/0 16:28 1:34 1:09
Cody Hodgson 1 0 1 1 0 1 0 0 0 0 8/15 13:31 2:28 0:23
Dan Girardi 0 0 0 0 0 1 0 0 0 0 0/0 10:58 0:00 0:21
Dan Hamhuis 1 0 1 1 2 5 4 0 1 3 0/0 25:34 2:59 2:46
Evgeni Malkin 0 1 1 0 0 5 0 0 1 0 12/21 19:31 2:05 1:05
Johan Franzen 0 0 0 0 2 5 0 0 0 1 0/1 16:38 2:05 0:00
Kurtis Foster 0 0 0 2 2 1 3 4 0 2 0/0 28:21 2:59 4:33
Milan Hejduk 1 0 1 1 0 1 4 0 1 0 0/0 6:11 0:00 0:00
Pascal Dupuis 0 0 0 -1 2 0 2 0 0 0 0/0 11:23 0:00 0:00
Ramzi Abid 0 0 0 -1 0 0 0 1 0 1 0/0 17:15 0:00 5:35
Rob Schremp 0 0 0 -1 0 1 1 0 0 0 6/7 14:15 0:00 2:51
Ryan Malone 0 0 0 1 0 0 0 0 0 0 0/1 9:58 0:00 3:36
Thomas Vanek 0 2 2 1 0 3 3 0 0 1 0/0 14:03 2:58 0:11
Vladimir Mihalik 0 0 0 -1 0 2 0 1 0 1 0/0 21:09 1:34 5:30
3 Stars
1 - Milan Hejduk (Ott)
2 - Thomas Vanek (Ott)
3 - Jeff Deslauriers (Ott)
Power Play
Sabres - 0 on 6 Attempt(s) - 0.00%
Senateurs - 1 on 4 Attempt(s) - 25.00%
Penalty Kill
Sabres - 3 on 4 Attempt(s) - 75.00%
- Score 0 goal in Penalty Kill
Senateurs - 6 on 6 Attempt(s) - 100.00%
- Score 0 goal in Penalty Kill
Team Stat
Sabres - Hits : 18 - Faceoff Wins : 29 - Blocked Shots : 7 - Penalty Minutes : 8
Senateurs - Hits : 21 - Faceoff Wins : 30 - Blocked Shots : 9 - Penalty Minutes : 12
Official
Referees : Kozari Steve and Peel Tim
Linesman : Pierre Champoux and Greg Devorski
Game Notes
No Game Note
Finance
Level 1 -- Attendance: 6000 (100.00%) -- Ticket Income $498,000
Level 2 -- Attendance: 4374 (87.48%) -- Ticket Income $231,822
Level 3 -- Attendance: 1796 (89.80%) -- Ticket Income $59,268
Level 4 -- Attendance: 3650 (91.25%) -- Ticket Income $83,950
Luxury Box -- Attendance: 984 (98.40%) -- Ticket Income $152,520
Game was played at the Place Banque Scotia.
Total Attendance: 16804 (93.36%)
Total Ticket Income: $1,025,560
Other Income: $153,834
Total Income: $1,179,394
Sabres
5 vs 5 Forward
Center Left Wing Right Wing Time % Phy DF OF
1 Andrei Loktionov Evander Kane Kyle Okposo 38 0 2 3
2 Vincent Lecavalier J.T. Miller Zack Kassian 26 0 2 3
3 Ryan O'Reilly Matt Martin Martin St. Louis 25 0 2 3
4 Brandon Sutter Darcy Hordichuk Scottie Upshall 11 1 2 2
5 vs 5 Defense
Defense Defense Time % Phy DF OF
1 Zach Bogosian Rob Scuderi 43 0 2 3
2 Michael Kostka Jared Cowen 29 0 3 2
3 Jakub Kindl Jordan Leopold 23 1 2 2
4 Michael Kostka Jared Cowen 5 0 3 2
PowerPlay Forward
Center Left Wing Right Wing Time % Phy DF OF
1 Vincent Lecavalier J.T. Miller Kyle Okposo 60 0 1 4
2 Andrei Loktionov Evander Kane Zack Kassian 40 0 1 4
PowerPlay Defense
Defense Defense Time % Phy DF OF
1 Zach Bogosian Rob Scuderi 60 1 1 3
2 Michael Kostka Jared Cowen 40 1 1 3
Penalty Kill 4 Players Forward
Center Wing Time % Phy DF OF
1 Brandon Sutter Darcy Hordichuk 60 1 3 1
2 Ryan O'Reilly Zack Kassian 40 1 3 1
Penalty Kill 4 Players Defense
Defense Defense Time % Phy DF OF
1 Zach Bogosian Rob Scuderi 60 1 4 0
2 Michael Kostka Jared Cowen 40 1 4 0
Penalty Kill - 3 Players Forward
Forward Time % Phy DF OF
1 Brandon Sutter 60 1 4 0
2 J.T. Miller 40 1 4 0
Penalty Kill - 3 Players Defense
Defense Defense Time % Phy DF OF
1 Zach Bogosian Rob Scuderi 60 1 4 0
2 Michael Kostka Jared Cowen 40 1 4 0
4 vs 4 Forward
Center Wing Time % Phy DF OF
1 Vincent Lecavalier J.T. Miller 60 1 2 2
2 Ryan O'Reilly Zack Kassian 40 1 2 2
4 vs 4 Defense
Defense Defense Time % Phy DF OF
1 Zach Bogosian Rob Scuderi 60 1 2 2
2 Michael Kostka Jared Cowen 40 1 2 2
Last Minutes Offensive
Center Left Wing Right Wing Defense Defense
Vincent Lecavalier Evander Kane Martin St. Louis Zach Bogosian Michael Kostka
Last Minutes Defensive
Center Left Wing Right Wing Defense Defense
Vincent Lecavalier J.T. Miller Zack Kassian Zach Bogosian Jared Cowen
Goaltenders
Starting : Robin Lehner
Backup : Jonas Hiller
Extra Forwards
Normal : Martin St. Louis, Zack Kassian, Matt Martin - PP : Martin St. Louis, Zack Kassian - PK : Matt Martin
Extra Defensemen
Normal : Jakub Kindl, Jordan Leopold, Michael Kostka - PP : Jakub Kindl - PK : Jordan Leopold, Michael Kostka
Penalty Shots
Vincent Lecavalier, Kyle Okposo, Evander Kane, Scottie Upshall, Andrei Loktionov
Scratches
Michael Haley (Healthy)
Senateurs
5 vs 5 Forward
Center Left Wing Right Wing Time % Phy DF OF
1 Evgeni Malkin Brenden Morrow Johan Franzen 40 0 1 4
2 Cody Hodgson Thomas Vanek B.J. Crombeen 30 1 1 3
3 Rob Schremp Ramzi Abid Pascal Dupuis 20 1 3 1
4 Brandon Dubinsky Ryan Malone Milan Hejduk 10 2 2 1
5 vs 5 Defense
Defense Defense Time % Phy DF OF
1 Dan Hamhuis Kurtis Foster 40 1 2 2
2 Carlo Colaiacovo Vladimir Mihalik 30 1 2 2
3 Brooks Orpik Dan Girardi 20 1 2 2
4 Dan Hamhuis Kurtis Foster 10 1 2 2
PowerPlay Forward
Center Left Wing Right Wing Time % Phy DF OF
1 Evgeni Malkin Thomas Vanek Johan Franzen 60 1 2 2
2 Cody Hodgson Brenden Morrow B.J. Crombeen 40 1 2 2
PowerPlay Defense
Defense Defense Time % Phy DF OF
1 Dan Hamhuis Kurtis Foster 60 1 2 2
2 Carlo Colaiacovo Vladimir Mihalik 40 1 2 2
Penalty Kill 4 Players Forward
Center Wing Time % Phy DF OF
1 Brandon Dubinsky Ramzi Abid 60 1 4 0
2 Rob Schremp Ryan Malone 40 1 4 0
Penalty Kill 4 Players Defense
Defense Defense Time % Phy DF OF
1 Brooks Orpik Kurtis Foster 60 2 3 0
2 Dan Hamhuis Vladimir Mihalik 40 2 3 0
Penalty Kill - 3 Players Forward
Forward Time % Phy DF OF
1 Cody Hodgson 60 0 5 0
2 Rob Schremp 40 1 4 0
Penalty Kill - 3 Players Defense
Defense Defense Time % Phy DF OF
1 Brooks Orpik Kurtis Foster 60 1 4 0
2 Dan Hamhuis Vladimir Mihalik 40 1 4 0
4 vs 4 Forward
Center Wing Time % Phy DF OF
1 Evgeni Malkin Thomas Vanek 60 1 2 2
2 Cody Hodgson Brenden Morrow 40 1 2 2
4 vs 4 Defense
Defense Defense Time % Phy DF OF
1 Dan Hamhuis Kurtis Foster 60 1 2 2
2 Carlo Colaiacovo Vladimir Mihalik 40 1 2 2
Last Minutes Offensive
Center Left Wing Right Wing Defense Defense
Evgeni Malkin Thomas Vanek Johan Franzen Dan Hamhuis Kurtis Foster
Last Minutes Defensive
Center Left Wing Right Wing Defense Defense
Evgeni Malkin Thomas Vanek Johan Franzen Dan Hamhuis Kurtis Foster
Goaltenders
Starting : Jeff Deslauriers
Backup : Ondrej Pavelec
Extra Forwards
Normal : Evgeni Malkin, Cody Hodgson, Brenden Morrow - PP : Thomas Vanek, B.J. Crombeen - PK : Ryan Malone
Extra Defensemen
Normal : Dan Girardi, Dan Hamhuis, Carlo Colaiacovo - PP : Kurtis Foster - PK : Vladimir Mihalik, Brooks Orpik
Penalty Shots
Evgeni Malkin, Thomas Vanek, Brenden Morrow, Ryan Malone, Johan Franzen
Scratches
George Parros (Healthy), Arturs Kulda (Healthy)
% Time on Ice - Sabres
Lines # - Real PCT - Wanted PCT - Time Play
Normal Forward
1 - 32% - 38% - 14:09
2 - 23% - 26% - 9:57
3 - 28% - 25% - 12:15
4 - 17% - 11% - 7:12
Normal Defense
1 - 43% - 43% - 18:48
2 - 30% - 29% - 12:59
3 - 23% - 23% - 9:54
4 - 4% - 5% - 1:52
PP Forward
1 - 55% - 60% - 5:43
2 - 45% - 40% - 4:41
PP Defense
1 - 59% - 60% - 6:09
2 - 41% - 40% - 4:15
PK Forward
1 - 78% - 60% - 3:32
2 - 22% - 40% - 1:01
PK Defense
1 - 61% - 60% - 2:46
2 - 39% - 40% - 1:47
PK3 Forward
1 - 0% - 60%
2 - 0% - 40%
PK3 Defense
1 - 0% - 60%
2 - 0% - 40%
44 Forward
1 - 56% - 60% - 0:50
2 - 44% - 40% - 0:40
44 Defense
1 - 56% - 60% - 0:50
2 - 44% - 40% - 0:40
Last Minute Offensive - 0:00
Last Minute Defensive - 0:00
Total
Forward - 60:00
Defense - 60:00
|
% Time on Ice - Senateurs
Lines # - Real PCT - Wanted PCT - Time Play
Normal Forward
1 - 37% - 40% - 15:59
2 - 23% - 30% - 10:05
3 - 26% - 20% - 11:18
4 - 14% - 10% - 6:11
Normal Defense
1 - 45% - 40% - 19:35
2 - 29% - 30% - 12:48
3 - 23% - 20% - 10:08
4 - 2% - 10% - 1:02
PP Forward
1 - 46% - 60% - 2:05
2 - 54% - 40% - 2:28
PP Defense
1 - 66% - 60% - 2:59
2 - 34% - 40% - 1:34
PK Forward
1 - 69% - 60% - 7:10
2 - 31% - 40% - 3:14
PK Defense
1 - 66% - 60% - 6:49
2 - 34% - 40% - 3:35
PK3 Forward
1 - 0% - 60%
2 - 0% - 40%
PK3 Defense
1 - 0% - 60%
2 - 0% - 40%
44 Forward
1 - 54% - 60% - 0:49
2 - 46% - 40% - 0:41
44 Defense
1 - 69% - 60% - 1:02
2 - 31% - 40% - 0:28
Last Minute Offensive - 0:00
Last Minute Defensive - 0:00
Total
Forward - 60:00
Defense - 60:00
|
Play by Play
1st period
0:01 of 1st period - Evgeni Malkin wins face-off versus Andrei Loktionov in neutral zone.
0:32 of 1st period - Michael Kostka is hit by Dan Hamhuis.
0:46 of 1st period - Jared Cowen is hit by Brandon Dubinsky and loses puck.
1:15 of 1st period - Snap shot by Martin St. Louis.
1:15 of 1st period - Shot Misses the Net.
2:15 of 1st period - Dan Hamhuis is hit by Jordan Leopold and loses puck.
2:36 of 1st period - Kyle Okposo is hit by Dan Hamhuis and loses puck.
3:58 of 1st period - Snap shot by Johan Franzen.
3:58 of 1st period - Stopped by Robin Lehner without a rebound.
3:59 of 1st period - Evgeni Malkin wins face-off versus Andrei Loktionov in Sabres zone.
4:02 of 1st period - Snap shot by Johan Franzen.
4:02 of 1st period - Stopped by Robin Lehner without a rebound.
4:03 of 1st period - Andrei Loktionov wins face-off versus Evgeni Malkin in Sabres zone.
4:21 of 1st period - Snap shot by Brenden Morrow.
4:21 of 1st period - Stopped by Robin Lehner with a rebound.
4:23 of 1st period - Slapshot by Dan Girardi.
4:23 of 1st period - Shot Misses the Net.
4:25 of 1st period - Slapshot by Dan Girardi.
4:25 of 1st period - Shot Blocked by Michael Kostka.
4:33 of 1st period - Snap shot by Evgeni Malkin.
4:33 of 1st period - Shot Misses the Net.
4:41 of 1st period - Slapshot by Evgeni Malkin.
4:41 of 1st period - Stopped by Robin Lehner with a rebound.
4:43 of 1st period - Wrist shot by Evgeni Malkin.
4:43 of 1st period - Stopped by Robin Lehner with a rebound.
4:45 of 1st period - Snap shot by Dan Girardi.
4:45 of 1st period - Shot Misses the Net.
4:47 of 1st period - Slapshot by Dan Girardi.
4:47 of 1st period - Stopped by Robin Lehner with a rebound.
4:51 of 1st period - Snap shot by Evgeni Malkin.
4:51 of 1st period - Stopped by Robin Lehner with a rebound.
4:53 of 1st period - Snap shot by Brenden Morrow.
4:53 of 1st period - Shot Misses the Net.
5:05 of 1st period - Jared Cowen is hit by Brenden Morrow and loses puck.
5:48 of 1st period - Wrist shot by Evgeni Malkin.
5:48 of 1st period - Stopped by Robin Lehner with a rebound.
5:50 of 1st period - Snap shot by Johan Franzen.
5:50 of 1st period - Stopped by Robin Lehner without a rebound.
5:51 of 1st period - Cody Hodgson wins face-off versus Vincent Lecavalier in Sabres zone.
5:52 of 1st period - Wrist shot by Thomas Vanek.
5:52 of 1st period - Stopped by Robin Lehner with a rebound.
5:54 of 1st period - Slapshot by Dan Hamhuis.
5:54 of 1st period - Shot Misses the Net.
6:40 of 1st period - Icing by Brandon Sutter.
6:41 of 1st period - Brandon Sutter wins face-off versus Brandon Dubinsky in Sabres zone.
6:41 of 1st period - Brandon Sutter is hit by Milan Hejduk.
7:07 of 1st period - B.J. Crombeen is hit by Vincent Lecavalier and loses puck.
7:12 of 1st period - Snap shot by Vincent Lecavalier.
7:12 of 1st period - Stopped by Jeff Deslauriers with a rebound.
7:14 of 1st period - Slapshot by Zach Bogosian.
7:14 of 1st period - Shot Blocked by Kurtis Foster.
7:57 of 1st period - Darcy Hordichuk is hit by Milan Hejduk and loses puck.
8:10 of 1st period - Vincent Lecavalier is hit by Thomas Vanek and loses puck.
8:44 of 1st period - Dan Girardi is hit by Jordan Leopold and loses puck.
9:07 of 1st period - Pascal Dupuis is hit by Scottie Upshall.
9:43 of 1st period - Michael Kostka is hit by Milan Hejduk and loses puck.
9:56 of 1st period - Minor Penalty to Dan Hamhuis for Slashing.
9:57 of 1st period - Vincent Lecavalier wins face-off versus Brandon Dubinsky in Senateurs zone.
10:00 of 1st period - Snap shot by Vincent Lecavalier.
10:00 of 1st period - Shot Misses the Net.
10:02 of 1st period - Slapshot by Zach Bogosian.
10:02 of 1st period - Deflect By Vincent Lecavalier.
10:02 of 1st period - Stopped by Jeff Deslauriers without a rebound.
10:03 of 1st period - Vincent Lecavalier wins face-off versus Brandon Dubinsky in Senateurs zone.
11:26 of 1st period - Carlo Colaiacovo is hit by Evander Kane and loses puck.
11:56 of 1st period - Penalty to Dan Hamhuis is over, Dan Hamhuis is back on ice.
12:28 of 1st period - Zach Bogosian is hit by Brooks Orpik.
12:58 of 1st period - Ramzi Abid is hit by Zack Kassian and loses puck.
13:25 of 1st period - Wrist shot by Brandon Dubinsky.
13:25 of 1st period - Stopped by Robin Lehner with a rebound.
13:27 of 1st period - Slapshot by Dan Hamhuis.
13:27 of 1st period - Stopped by Robin Lehner without a rebound.
13:28 of 1st period - Darcy Hordichuk wins face-off versus Cody Hodgson in Sabres zone.
14:06 of 1st period - Carlo Colaiacovo is hit by Matt Martin and loses puck.
14:17 of 1st period - Carlo Colaiacovo is hit by Zack Kassian.
14:45 of 1st period - Vincent Lecavalier is hit by Kurtis Foster and loses puck.
15:37 of 1st period - Minor Penalty to Zach Bogosian for Cross-checking.
15:38 of 1st period - Cody Hodgson wins face-off versus Brandon Sutter in Sabres zone.
15:48 of 1st period - Wrist shot by Darcy Hordichuk.
15:48 of 1st period - Stopped by Jeff Deslauriers without a rebound.
15:49 of 1st period - Cody Hodgson wins face-off versus Brandon Sutter in Senateurs zone.
15:56 of 1st period - Backhand shot by B.J. Crombeen.
15:56 of 1st period - Stopped by Robin Lehner without a rebound.
15:57 of 1st period - Brandon Sutter wins face-off versus Cody Hodgson in Sabres zone.
16:13 of 1st period - Michael Kostka is hit by Dan Hamhuis and loses puck.
16:43 of 1st period - Wrist shot by B.J. Crombeen.
16:43 of 1st period - Shot Misses the Net.
16:59 of 1st period - Snap shot by B.J. Crombeen.
16:59 of 1st period - Stopped by Robin Lehner without a rebound.
17:00 of 1st period - Brenden Morrow wins face-off versus Matt Martin in Sabres zone.
17:37 of 1st period - Penalty to Zach Bogosian is over, Zach Bogosian is back on ice.
19:28 of 1st period - Slapshot by Zach Bogosian.
19:28 of 1st period - Stopped by Jeff Deslauriers without a rebound.
19:29 of 1st period - Andrei Loktionov wins face-off versus Evgeni Malkin in Senateurs zone.
19:33 of 1st period - Minor Penalty to Kurtis Foster for Holding.
19:34 of 1st period - Vincent Lecavalier wins face-off versus Brandon Dubinsky in Senateurs zone.
19:44 of 1st period - Wrist shot by J.T. Miller.
19:44 of 1st period - Shot Misses the Net.
19:46 of 1st period - Wrist shot by Michael Kostka.
19:46 of 1st period - Shot Blocked by Ramzi Abid.
19:48 of 1st period - Wrist shot by Vincent Lecavalier.
19:48 of 1st period - Stopped by Jeff Deslauriers without a rebound.
19:49 of 1st period - J.T. Miller wins face-off versus Brandon Dubinsky in Senateurs zone.
Goals for this period are 0 for Sabres vs 0 for Senateurs.
Shots for this period are 5 for Sabres vs 14 for Senateurs.
2nd period
0:01 of 2nd period - Vincent Lecavalier wins face-off versus Brandon Dubinsky in neutral zone.
0:10 of 2nd period - Snap shot by Kyle Okposo.
0:10 of 2nd period - Shot Misses the Net.
0:12 of 2nd period - Snap shot by Vincent Lecavalier.
0:12 of 2nd period - Stopped by Jeff Deslauriers with a rebound.
0:14 of 2nd period - Wrist shot by Vincent Lecavalier.
0:14 of 2nd period - Shot Misses the Net.
0:16 of 2nd period - Slapshot by Zach Bogosian.
0:16 of 2nd period - Shot Misses the Net.
0:26 of 2nd period - Brooks Orpik is hit by Zack Kassian and loses puck.
0:31 of 2nd period - Wrist shot by Evander Kane.
0:31 of 2nd period - Shot Blocked by Brooks Orpik.
0:33 of 2nd period - Snap shot by Evander Kane.
0:33 of 2nd period - Shot Misses the Net.
0:35 of 2nd period - Slapshot by Michael Kostka.
0:35 of 2nd period - Shot Misses the Net.
1:33 of 2nd period - Penalty to Kurtis Foster is over, Kurtis Foster is back on ice.
1:57 of 2nd period - Slapshot by Zach Bogosian.
1:57 of 2nd period - Shot Misses the Net.
1:59 of 2nd period - Snap shot by Vincent Lecavalier.
1:59 of 2nd period - Shot Misses the Net.
2:01 of 2nd period - Snap shot by Kyle Okposo.
2:01 of 2nd period - Stopped by Jeff Deslauriers without a rebound.
2:02 of 2nd period - Ryan O'Reilly wins face-off versus Cody Hodgson in Senateurs zone.
2:03 of 2nd period - Snap shot by Martin St. Louis.
2:03 of 2nd period - Stopped by Jeff Deslauriers without a rebound.
2:04 of 2nd period - Ryan O'Reilly wins face-off versus Cody Hodgson in Senateurs zone.
2:30 of 2nd period - Off-side.
2:31 of 2nd period - Brandon Sutter wins face-off versus Rob Schremp in neutral zone.
2:44 of 2nd period - Wrist shot by Pascal Dupuis.
2:44 of 2nd period - Deflect By Ramzi Abid.
2:44 of 2nd period - Shot Blocked by Scottie Upshall.
2:44 of 2nd period - Puck is out of play.
2:45 of 2nd period - Andrei Loktionov wins face-off versus Cody Hodgson in Sabres zone.
2:45 of 2nd period - Andrei Loktionov is hit by Thomas Vanek.
2:51 of 2nd period - Slapshot by Evander Kane.
2:51 of 2nd period - Shot Misses the Net.
3:36 of 2nd period - Zack Kassian is hit by Pascal Dupuis and loses puck.
4:50 of 2nd period - Slapshot by Scottie Upshall.
4:50 of 2nd period - Stopped by Jeff Deslauriers without a rebound.
4:51 of 2nd period - Rob Schremp wins face-off versus Andrei Loktionov in Senateurs zone.
5:11 of 2nd period - Andrei Loktionov is hit by Kurtis Foster and loses puck.
5:16 of 2nd period - Evander Kane is hit by Rob Schremp and loses puck.
5:27 of 2nd period - Snap shot by Kyle Okposo.
5:27 of 2nd period - Stopped by Jeff Deslauriers without a rebound.
5:28 of 2nd period - Cody Hodgson wins face-off versus Ryan O'Reilly in Senateurs zone.
6:07 of 2nd period - Icing by Evgeni Malkin.
6:08 of 2nd period - Evgeni Malkin wins face-off versus Andrei Loktionov in Senateurs zone.
6:13 of 2nd period - Kurtis Foster is hit by Michael Kostka.
7:04 of 2nd period - Slapshot by Vincent Lecavalier.
7:04 of 2nd period - Goal by Vincent Lecavalier - Sabres : 1 - Senateurs : 0.
7:05 of 2nd period - Andrei Loktionov wins face-off versus Cody Hodgson in neutral zone.
8:30 of 2nd period - Off-side.
8:31 of 2nd period - Cody Hodgson wins face-off versus Andrei Loktionov in neutral zone.
8:34 of 2nd period - Wrist shot by Cody Hodgson.
8:34 of 2nd period - Deflect By B.J. Crombeen.
8:34 of 2nd period - Shot Blocked by Michael Kostka.
8:34 of 2nd period - Puck is out of play.
8:35 of 2nd period - Evgeni Malkin wins face-off versus Andrei Loktionov in Sabres zone.
8:36 of 2nd period - Snap shot by Johan Franzen.
8:36 of 2nd period - Stopped by Robin Lehner without a rebound.
8:37 of 2nd period - Evgeni Malkin wins face-off versus Andrei Loktionov in Sabres zone.
9:28 of 2nd period - Snap shot by Evgeni Malkin.
9:28 of 2nd period - Shot Blocked by Michael Kostka.
9:30 of 2nd period - Wrist shot by Brenden Morrow.
9:30 of 2nd period - Deflect By Johan Franzen.
9:30 of 2nd period - Stopped by Robin Lehner with a rebound.
9:32 of 2nd period - Slapshot by Kurtis Foster.
9:32 of 2nd period - Shot Misses the Net.
9:34 of 2nd period - Slapshot by Kurtis Foster.
9:34 of 2nd period - Deflect By Evgeni Malkin.
9:34 of 2nd period - Shot Blocked by Matt Martin.
9:34 of 2nd period - Puck is out of play.
9:35 of 2nd period - Cody Hodgson wins face-off versus Andrei Loktionov in Sabres zone.
10:49 of 2nd period - Minor Penalty to Jordan Leopold for Delaying the game.
10:50 of 2nd period - Evgeni Malkin wins face-off versus Brandon Sutter in Sabres zone.
10:51 of 2nd period - Slapshot by Thomas Vanek.
10:51 of 2nd period - Stopped by Robin Lehner with a rebound.
10:53 of 2nd period - Slapshot by Evgeni Malkin.
10:53 of 2nd period - Shot Misses the Net.
10:55 of 2nd period - Slapshot by Dan Hamhuis.
10:55 of 2nd period - Goal by Dan Hamhuis - Sabres : 1 - Senateurs : 1.
10:56 of 2nd period - Andrei Loktionov wins face-off versus Evgeni Malkin in neutral zone.
11:10 of 2nd period - Minor Penalty to Johan Franzen for High sticking.
11:11 of 2nd period - Brandon Dubinsky wins face-off versus Vincent Lecavalier in Senateurs zone.
11:22 of 2nd period - Slapshot by Vincent Lecavalier.
11:22 of 2nd period - Shot Misses the Net.
11:24 of 2nd period - Slapshot by Zach Bogosian.
11:24 of 2nd period - Stopped by Jeff Deslauriers with a rebound.
11:26 of 2nd period - Wrist shot by J.T. Miller.
11:26 of 2nd period - Stopped by Jeff Deslauriers with a rebound.
11:56 of 2nd period - Ryan Malone is hit by J.T. Miller and loses puck.
13:10 of 2nd period - Penalty to Johan Franzen is over, Johan Franzen is back on ice.
13:14 of 2nd period - Minor Penalty to Brenden Morrow for Interference.
13:15 of 2nd period - Kyle Okposo wins face-off versus Brandon Dubinsky in Senateurs zone.
15:14 of 2nd period - Penalty to Brenden Morrow is over, Brenden Morrow is back on ice.
15:15 of 2nd period - Icing by Rob Scuderi.
15:16 of 2nd period - Cody Hodgson wins face-off versus Martin St. Louis in Sabres zone.
15:19 of 2nd period - Slapshot by B.J. Crombeen.
15:19 of 2nd period - Stopped by Robin Lehner without a rebound.
15:20 of 2nd period - Cody Hodgson wins face-off versus Martin St. Louis in Sabres zone.
15:25 of 2nd period - Wrist shot by B.J. Crombeen.
15:25 of 2nd period - Stopped by Robin Lehner with a rebound.
16:17 of 2nd period - Snap shot by Zack Kassian.
16:17 of 2nd period - Stopped by Jeff Deslauriers without a rebound.
16:18 of 2nd period - Ryan O'Reilly wins face-off versus Evgeni Malkin in Senateurs zone.
16:40 of 2nd period - Brenden Morrow is hit by Matt Martin.
16:51 of 2nd period - Minor Penalty to Evander Kane for Hooking.
16:52 of 2nd period - Brandon Sutter wins face-off versus Evgeni Malkin in Sabres zone.
16:54 of 2nd period - Snap shot by Evgeni Malkin.
16:54 of 2nd period - Stopped by Robin Lehner without a rebound.
16:55 of 2nd period - Brandon Sutter wins face-off versus Evgeni Malkin in Sabres zone.
17:06 of 2nd period - Backhand shot by Zach Bogosian.
17:06 of 2nd period - Stopped by Jeff Deslauriers with a rebound.
18:51 of 2nd period - Penalty to Evander Kane is over, Evander Kane is back on ice.
19:05 of 2nd period - Slapshot by Evander Kane.
19:05 of 2nd period - Shot Misses the Net.
19:07 of 2nd period - Snap shot by Andrei Loktionov.
19:07 of 2nd period - Stopped by Jeff Deslauriers without a rebound.
19:08 of 2nd period - Brandon Dubinsky wins face-off versus Kyle Okposo in Senateurs zone.
19:23 of 2nd period - Slapshot by Milan Hejduk.
19:23 of 2nd period - Goal by Milan Hejduk - Sabres : 1 - Senateurs : 2.
19:24 of 2nd period - Evgeni Malkin wins face-off versus Andrei Loktionov in neutral zone.
19:26 of 2nd period - Off-side.
19:27 of 2nd period - Andrei Loktionov wins face-off versus Evgeni Malkin in neutral zone.
19:56 of 2nd period - Matt Martin is hit by Pascal Dupuis and loses puck.
Goals for this period are 1 for Sabres vs 2 for Senateurs.
Shots for this period are 11 for Sabres vs 8 for Senateurs.
3rd period
0:01 of 3rd period - Evgeni Malkin wins face-off versus Andrei Loktionov in neutral zone.
0:04 of 3rd period - Rob Scuderi is hit by Kurtis Foster and loses puck.
0:09 of 3rd period - Snap shot by Brenden Morrow.
0:09 of 3rd period - Stopped by Robin Lehner with a rebound.
0:11 of 3rd period - Slapshot by Dan Hamhuis.
0:11 of 3rd period - Stopped by Robin Lehner with a rebound.
0:27 of 3rd period - Martin St. Louis is hit by Thomas Vanek and loses puck.
0:54 of 3rd period - Dan Hamhuis is hit by Darcy Hordichuk and loses puck.
1:32 of 3rd period - Minor Penalty to Pascal Dupuis for Hooking.
1:33 of 3rd period - Vincent Lecavalier wins face-off versus Brandon Dubinsky in Senateurs zone.
1:35 of 3rd period - Snap shot by Vincent Lecavalier.
1:35 of 3rd period - Stopped by Jeff Deslauriers without a rebound.
1:36 of 3rd period - Brandon Dubinsky wins face-off versus Vincent Lecavalier in Senateurs zone.
1:43 of 3rd period - Slapshot by Vincent Lecavalier.
1:43 of 3rd period - Stopped by Jeff Deslauriers without a rebound.
1:44 of 3rd period - Vincent Lecavalier wins face-off versus Brandon Dubinsky in Senateurs zone.
1:53 of 3rd period - Wrist shot by Brooks Orpik.
1:53 of 3rd period - Stopped by Robin Lehner with a rebound.
2:17 of 3rd period - Slapshot by Andrei Loktionov.
2:17 of 3rd period - Stopped by Jeff Deslauriers with a rebound.
2:19 of 3rd period - Snap shot by Andrei Loktionov.
2:19 of 3rd period - Stopped by Jeff Deslauriers without a rebound.
2:20 of 3rd period - Vincent Lecavalier wins face-off versus Ryan Malone in Senateurs zone.
3:32 of 3rd period - Penalty to Pascal Dupuis is over, Pascal Dupuis is back on ice.
3:41 of 3rd period - Slapshot by Brooks Orpik.
3:41 of 3rd period - Stopped by Robin Lehner with a rebound.
4:05 of 3rd period - Slapshot by Cody Hodgson.
4:05 of 3rd period - Goal by Cody Hodgson - Sabres : 1 - Senateurs : 3.
4:06 of 3rd period - Kyle Okposo wins face-off versus Evgeni Malkin in neutral zone.
4:15 of 3rd period - Slapshot by Vladimir Mihalik.
4:15 of 3rd period - Deflect By Zach Bogosian.
4:15 of 3rd period - Stopped by Robin Lehner with a rebound.
4:17 of 3rd period - Snap shot by Evgeni Malkin.
4:17 of 3rd period - Shot Blocked by Rob Scuderi.
5:32 of 3rd period - Off-side.
5:33 of 3rd period - Andrei Loktionov wins face-off versus Brandon Dubinsky in neutral zone.
5:44 of 3rd period - Wrist shot by Evander Kane.
5:44 of 3rd period - Shot Blocked by Kurtis Foster.
5:53 of 3rd period - Minor Penalty to Rob Scuderi for High sticking.
5:54 of 3rd period - Evgeni Malkin wins face-off versus Brandon Sutter in Sabres zone.
6:22 of 3rd period - Minor Penalty to B.J. Crombeen for Hooking.
6:23 of 3rd period - Evgeni Malkin wins face-off versus Vincent Lecavalier in Senateurs zone.
6:30 of 3rd period - Wrist shot by Thomas Vanek.
6:30 of 3rd period - Stopped by Robin Lehner without a rebound.
6:31 of 3rd period - Evgeni Malkin wins face-off versus Vincent Lecavalier in Sabres zone.
6:38 of 3rd period - Wrist shot by Thomas Vanek.
6:38 of 3rd period - Shot Misses the Net.
6:46 of 3rd period - Slapshot by Zach Bogosian.
6:46 of 3rd period - Shot Blocked by Kurtis Foster.
7:22 of 3rd period - Jared Cowen is hit by Carlo Colaiacovo and loses puck.
7:27 of 3rd period - Wrist shot by Brenden Morrow.
7:27 of 3rd period - Shot Misses the Net.
7:40 of 3rd period - Michael Kostka is hit by Dan Hamhuis and loses puck.
7:47 of 3rd period - Cody Hodgson is hit by Zack Kassian and loses puck.
7:53 of 3rd period - Penalty to Rob Scuderi is over, Rob Scuderi is back on ice.
8:06 of 3rd period - Slapshot by Brenden Morrow.
8:06 of 3rd period - Shot Misses the Net.
8:22 of 3rd period - Penalty to B.J. Crombeen is over, B.J. Crombeen is back on ice.
8:46 of 3rd period - Snap shot by Zack Kassian.
8:46 of 3rd period - Shot Blocked by Brooks Orpik.
8:50 of 3rd period - Slapshot by Ryan O'Reilly.
8:50 of 3rd period - Stopped by Jeff Deslauriers with a rebound.
8:54 of 3rd period - Snap shot by Zack Kassian.
8:54 of 3rd period - Shot Misses the Net.
9:10 of 3rd period - Slapshot by Rob Scuderi.
9:10 of 3rd period - Deflect By Zack Kassian.
9:10 of 3rd period - Stopped by Jeff Deslauriers without a rebound.
9:11 of 3rd period - Andrei Loktionov wins face-off versus Johan Franzen in Senateurs zone.
9:29 of 3rd period - Off-side.
9:30 of 3rd period - Rob Schremp wins face-off versus Brandon Sutter in neutral zone.
9:41 of 3rd period - Snap shot by Rob Schremp.
9:41 of 3rd period - Stopped by Robin Lehner with a rebound.
9:43 of 3rd period - Slapshot by Pascal Dupuis.
9:43 of 3rd period - Shot Blocked by Darcy Hordichuk.
9:59 of 3rd period - Slapshot by Evander Kane.
9:59 of 3rd period - Shot Misses the Net.
10:15 of 3rd period - Kurtis Foster is hit by Darcy Hordichuk.
10:41 of 3rd period - Off-side.
10:42 of 3rd period - Rob Schremp wins face-off versus Brandon Sutter in neutral zone.
11:40 of 3rd period - Slapshot by Vladimir Mihalik.
11:40 of 3rd period - Deflect By Darcy Hordichuk.
11:40 of 3rd period - Stopped by Robin Lehner with a rebound.
12:42 of 3rd period - Martin St. Louis is hit by Milan Hejduk.
13:08 of 3rd period - Dan Girardi is hit by Scottie Upshall.
15:10 of 3rd period - Slapshot by Evgeni Malkin.
15:10 of 3rd period - Shot Misses the Net.
15:55 of 3rd period - Snap shot by Martin St. Louis.
15:55 of 3rd period - Shot Misses the Net.
16:01 of 3rd period - Slapshot by Zach Bogosian.
16:01 of 3rd period - Stopped by Jeff Deslauriers without a rebound.
16:02 of 3rd period - Andrei Loktionov wins face-off versus Cody Hodgson in Senateurs zone.
16:13 of 3rd period - Slapshot by Andrei Loktionov.
16:13 of 3rd period - Stopped by Jeff Deslauriers without a rebound.
16:14 of 3rd period - Rob Schremp wins face-off versus Andrei Loktionov in Senateurs zone.
17:07 of 3rd period - Off-side.
17:08 of 3rd period - Ryan O'Reilly wins face-off versus Evgeni Malkin in neutral zone.
17:44 of 3rd period - Icing by Jakub Kindl.
17:45 of 3rd period - Evgeni Malkin wins face-off versus Andrei Loktionov in Sabres zone.
17:58 of 3rd period - Slapshot by Andrei Loktionov.
17:58 of 3rd period - Shot Blocked by Brenden Morrow.
18:00 of 3rd period - Snap shot by Andrei Loktionov.
18:00 of 3rd period - Shot Misses the Net.
18:02 of 3rd period - Wrist shot by Andrei Loktionov.
18:02 of 3rd period - Deflect By Evander Kane.
18:02 of 3rd period - Stopped by Jeff Deslauriers with a rebound.
18:04 of 3rd period - Slapshot by Jordan Leopold.
18:04 of 3rd period - Deflect By Evander Kane.
18:04 of 3rd period - Shot Blocked by Vladimir Mihalik.
18:04 of 3rd period - Puck is out of play.
18:05 of 3rd period - Rob Schremp wins face-off versus Ryan O'Reilly in Senateurs zone.
18:05 of 3rd period - Rob Schremp is hit by Rob Scuderi.
18:12 of 3rd period - Off-side.
18:13 of 3rd period - Rob Schremp wins face-off versus Ryan O'Reilly in neutral zone.
18:57 of 3rd period - Slapshot by Kurtis Foster.
18:57 of 3rd period - Deflect By Ryan O'Reilly.
18:57 of 3rd period - Stopped by Robin Lehner with a rebound.
19:25 of 3rd period - Slapshot by Dan Hamhuis.
19:25 of 3rd period - Stopped by Robin Lehner with a rebound.
19:27 of 3rd period - Slapshot by Dan Hamhuis.
19:27 of 3rd period - Stopped by Robin Lehner with a rebound.
19:43 of 3rd period - Rob Schremp is hit by Zach Bogosian.
19:47 of 3rd period - Wrist shot by Ryan O'Reilly.
19:47 of 3rd period - Shot Blocked by Kurtis Foster.
Goals for this period are 0 for Sabres vs 1 for Senateurs.
Shots for this period are 9 for Sabres vs 12 for Senateurs.
Back to the Top